 Dungeon Crawl Stone Soup version 0.24.0-2-g5b39cebb1c (webtiles) character file.

Game seed: 4820704388224493611, levelgen mode: deterministic

23 Chiseanne the Magician (level 2, -2/20 HPs)
             Began as a Demonspawn Wizard on Oct 31, 2019.
             Slain by a worm (11 damage)
             ... on level 2 of the Dungeon.
             The game lasted 00:01:28 (1876 turns).

Chiseanne the Magician (Demonspawn Wizard)          Turns: 1876, Time: 00:01:28

Health: -2/20      AC:  3    Str:  7    XL:     2   Next: 72%
Magic:  1/6        EV: 12    Int: 19    God:
Gold:   120        SH:  0    Dex: 11    Spells: 6/7 levels left

rFire    + . .     SeeInvis .   j - +0 hand axe
rCold    . . .     Gourm    .   (no shield)
rNeg     . . .     Faith    .   a - +0 robe
rPois    .         Spirit   .   b - +0 hat
rElec    .         Reflect  .   n - +0 cloak
rCorr    .         Harm     .   (no gloves)
MR       .....                  (no boots)
Stlth    ++........             (no amulet)
HPRegen  0.06/turn              (no ring)
MPRegen  0.10/turn              (no ring)

@: very slightly contaminated
A: fire resistance 1
a: no special abilities


You were on level 2 of the Dungeon.
You were not hungry.

You visited 1 branch of the dungeon, and saw 2 of its levels.

You collected 120 gold pieces.

Inventory:

Hand Weapons
 j - a +0 hand axe (weapon)
Missiles
 g - 46 stones (quivered)
 m - 25 arrows
Armour
 a - a +0 robe (worn)
 b - a +0 hat (worn)
 n - a +0 cloak (worn)
Scrolls
 c - a scroll of blinking {unknown}
 e - 2 scrolls of teleportation {unknown}
 h - 2 scrolls of fog {unknown}
 i - 2 scrolls of enchant armour {unknown}
 o - a scroll of identify {unknown}
 p - a scroll of remove curse {unknown}
 q - a scroll of enchant weapon {unknown}
Potions
 f - a potion of flight {unknown}
 k - a potion of curing {unknown}
 l - a potion of degeneration {unknown}


   Skills:
 * Level 0.6 Fighting
 - Level 1.7 Dodging
 - Level 1.7 Stealth
 * Level 3.3 Spellcasting
 * Level 1.9 Conjurations
   Level 1.0 Summonings
   Level 0.8 Translocations


You had 6 spell levels left.
You knew the following spells:

 Your Spells              Type           Power        Failure   Level  Hunger
a - Magic Dart            Conj           ##..         7%          1    None

Your spell library contained the following spells:

 Spells                   Type           Power        Failure   Level  Hunger
 Call Imp                 Summ           #.......     14%         2    ##.....
 Blink                    Tloc           N/A          16%         2    ##.....
 Slow                     Hex            #.......     22%         2    ##.....
 Conjure Flame            Conj/Fire      #.......     30%         3    ###....
 Mephitic Cloud           Conj/Pois/Air  #.......     34%         3    ###....


Dungeon Overview and Level Annotations

Branches:
Dungeon (2/15)

Altars:


Innate Abilities, Weirdness & Mutations

Your flesh is heat resistant. (rF+)


Message History

The magic dart hits the quokka.
You kill the quokka!
A jackal comes into view.
Casting: Magic Dart (safe; 7% risk of failure)
Confirm with . or Enter, or press ? or * to list all spells.
Aiming: Magic Dart (safe; 7% risk of failure)
Press: ? - help, Shift-Dir - straight line, f - worm
Aim: a worm The magic dart hits the worm.
The worm is lightly wounded.
Casting: Magic Dart (safe; 7% risk of failure)
Confirm with . or Enter, or press ? or * to list all spells.
Aiming: Magic Dart (safe; 7% risk of failure)
Press: ? - help, Shift-Dir - straight line, f/p - worm
Aim: a worm (lightly wounded)
The magic dart hits the worm.
The worm is moderately wounded.
The worm bites you!
Ouch! That really hurt!
You die...

....## ##.....).##
...######.........#
#.#...............#
......<...........######
.............>....#.....
........................
###.....................
#.<......#.#.#.#.#####
#.............@..#
##############w### #.#
$.# ... ..h. .... ......


You could see a worm and a jackal.

Vanquished Creatures
  A worm (D:2)
  A dart slug (D:1)
  A ball python (D:1)
  4 giant cockroaches (D:1)
  3 goblins (D:1)
  A hobgoblin (D:1)
  A quokka (D:2)
  A bat (D:1)
  2 kobolds (D:1)
15 creatures vanquished.

Notes
Turn   | Place    | Note
-------+----------+-------------------------------------------
     0 | D:1      | Chiseanne the Demonspawn Wizard began the quest for the
                  | Orb.
     0 | D:1      | Reached XP level 1. HP: 13/13 MP: 4/4
   266 | D:1      | Gained mutation: Your flesh is heat resistant. (rF+)
                  | [demonic ancestry]
   266 | D:1      | Reached XP level 2. HP: 19/19 MP: 0/6
  1876 | D:2      | Slain by a worm

Levels and vault maps discovered:
D:1:      erik_arrival_triangle_medium, layout_basic, hangedman_decor_push
D:2:      layout_loops_cross, nicolae_ru_awakened_eye, nrook_mini_backslash

Action                   || total
-------------------------++-------
Melee: Unarmed           ||    11
       Hand axe          ||    26
 Cast: Magic Dart        ||    58
  Eat: Ration            ||     1
Armor: Robe              ||    12
Dodge: Dodged            ||    32
